[Event "Titled Tuesday Blitz June 28 Early 2022"]
[White "Goltsev, Dmitry"]
[Black "Guliev, Logman"]
[WhiteFideId "24176710"]
[BlackFideId "13400061"]
[WhiteElo "2258"]
[BlackElo "2128"]
[Result "1-0"]
[Round "01"]
[TimeControl "180+1"]
[Date "2022.06.28"]
[WhiteClock "0:00:07"]
[BlackClock "0:00:02"]

1. e4 c6 2. d4 d5 3. Nc3 dxe4 4. Nxe4 Bf5 5. Ng3 Bg6 6. Nh3 e6 7. Nf4 Bd6 8. c3 Nf6 9. h4 Bxf4 10. Bxf4 h6 11. Bd3 Bxd3 12. Qxd3 O-O 13. f3 Nbd7 14. O-O-O Qa5 15. Kb1 c5 16. Ne4 cxd4 17. cxd4 Nd5 18. Bd2 Qb6 19. g4 Rac8 20. g5 h5 21. Rhg1 g6 22. Rg2 Rfd8 23. a3 Rc6 24. Ka2 Rdc8 25. Be3 Ne5 26. dxe5 Nxe3 27. Nf6+ Kg7 28. Rdd2 Nxg2 29. Rxg2 Qa5 30. f4 Rc1 31. Rd2 Qc5 32. Ne4 Qg1 33. Kb3 Re1 34. Nd6 Qb6+ 35. Ka2 Rcc1 36. Qb5 Ra1+ 37. Kb3 Re3+ 38. Kb4 Qxb5+ 39. Nxb5 Re4+ 40. Kb3 Rxf4 41. Nd6 Rf3+ 42. Ka4 Re1 43. Ne8+ Kf8 44. Nf6 Rxf6 45. exf6 Ke8 46. Kb5 Re5+ 47. Kc4 Re4+ 48. Kc5 Rxh4 49. Kd6 Rc4 50. b4 Rc8 51. Ke5 Rd8 52. Rc2 Rd5+ 53. Ke4 Kd7 54. Rg2 b5 55. Kf4 Kd6 56. Rc2 Rd4+ 57. Kf3 Ke5 58. Rc7 Kf5 59. Rxa7 Kxg5 60. Rxf7 Rf4+ 61. Kg3 Rxf6 62. Re7 h4+ 63. Kh3 Kh5 64. Kg2 Kg4 65. Rc7 Rf5 66. Rc5 h3+ 67. Kh2 e5 68. Rc2 g5 69. Re2 Kh4 70. Re3 g4 71. Re4 Rf4 72. Kg1 Rf2 73. Kxf2 h2 74. Kg2 1-0


[Site "https://www.chess.com"]

[Event "Titled Tuesday Blitz June 28 Early 2022"]
[White "Golubev, Mikhail"]
[Black "So, Wesley"]
[WhiteFideId "14100983"]
[BlackFideId "5202213"]
[WhiteElo "2374"]
[BlackElo "2742"]
[Result "0-1"]
[Round "01"]
[TimeControl "180+1"]
[Date "2022.06.28"]
[WhiteClock "0:00:02"]
[BlackClock "0:00:05"]

1. e4 c5 2. Nf3 d6 3. d4 cxd4 4. Nxd4 Nf6 5. Nc3 a6 6. Bc4 e6 7. O-O Be7 8. Bb3 O-O 9. f4 b5 10. e5 dxe5 11. fxe5 Nfd7 12. Be3 Nxe5 13. Qh5 Nbc6 14. Rad1 Qc7 15. Nxc6 Nxc6 16. Bf4 Qb6+ 17. Kh1 Na5 18. Rd3 Qc5 19. Bd5 exd5 20. Nxd5 Be6 21. b4 Qa7 22. Nxe7+ Qxe7 23. Bd6 Qb7 24. Bxf8 Rxf8 25. bxa5 Qc7 26. Rg3 Qxc2 27. Qe5 g6 28. h4 Qa4 29. h5 Qc4 30. Rf6 Rd8 31. hxg6 hxg6 32. Rgxg6+ Kf8 33. Rxf7+ Bxf7 34. Qh8+ Ke7 35. Qe5+ Kf8 36. Qh8+ Ke7 37. Qe5+ Be6 38. Rg7+ Ke8 39. Qh5+ Bf7 40. Qh8+ Ke7 0-1


[Site "https://www.chess.com"]

[Event "Titled Tuesday Blitz June 28 Early 2022"]
[White "Golubovskis, Maksims"]
[Black "Bortnyk, Mykola"]
[WhiteFideId "11608528"]
[BlackFideId "14120836"]
[WhiteElo "2102"]
[BlackElo "2582"]
[Result "0-1"]
[Round "01"]
[TimeControl "180+1"]
[Date "2022.06.28"]
[WhiteClock "0:00:05"]
[BlackClock "0:00:42"]

1. d4 d5 2. Nf3 Nf6 3. c4 e6 4. g3 dxc4 5. Qa4+ Nbd7 6. Qxc4 a6 7. Qc2 b5 8. Ne5 Nxe5 9. dxe5 Bb7 10. f3 Nd7 11. Bf4 g5 12. Bd2 Bg7 13. Nc3 Nxe5 14. O-O-O Qe7 15. Be3 Nc4 16. Bf2 O-O 17. h4 g4 18. Bg2 Rad8 19. e4 gxf3 20. Bxf3 Nxb2 21. Rxd8 Rxd8 22. Qxb2 b4 23. Be1 Qc5 24. Kb1 Qe3 25. Rf1 Bxc3 26. Bxc3 Qd3+ 0-1


[Site "https://www.chess.com"]

[Event "Titled Tuesday Blitz June 28 Early 2022"]
[White "Gormally, Daniel W"]
[Black "Sargissyan, Sargis"]
[WhiteFideId "406465"]
[BlackFideId "13303210"]
[WhiteElo "2543"]
[BlackElo "2174"]
[Result "1/2-1/2"]
[Round "01"]
[TimeControl "180+1"]
[Date "2022.06.28"]
[WhiteClock "0:01:48"]
[BlackClock "0:00:56"]

1. d4 Nf6 2. c4 g6 3. Nc3 d5 4. cxd5 Nxd5 5. Bd2 Bg7 6. e4 Nb6 7. Be3 O-O 8. Qd2 Nc6 9. d5 Ne5 10. b3 Ng4 11. Bc5 f5 12. f3 Nf6 13. O-O-O fxe4 14. fxe4 Ng4 15. Kb1 a5 16. Nf3 a4 17. b4 Nd7 18. Bg1 Nde5 19. Be2 Bh6 20. Qd4 Bg7 21. Qd2 Bh6 22. Qd4 Bg7 23. Qd2 1/2-1/2


[Site "https://www.chess.com"]

[Event "Titled Tuesday Blitz June 28 Early 2022"]
[White "Gracia Alvarez, Gerardo Antonio"]
[Black "Mosutha, Thuso"]
[WhiteFideId "5109124"]
[BlackFideId "11302550"]
[WhiteElo "2139"]
[BlackElo "2028"]
[Result "1-0"]
[Round "01"]
[TimeControl "180+1"]
[Date "2022.06.28"]
[WhiteClock "0:00:03"]
[BlackClock "0:00:09"]

1. e4 c5 2. Nc3 d6 3. d4 cxd4 4. Qxd4 Nf6 5. b3 a6 6. Bb2 g6 7. O-O-O Bg7 8. Qd2 Nc6 9. f3 O-O 10. g4 Qa5 11. Kb1 b5 12. h4 h5 13. g5 Nd7 14. Nd5 Qd8 15. Bxg7 Kxg7 16. Qc3+ Nce5 17. f4 e6 18. Ne3 b4 19. Qb2 Qb6 20. Nc4 Qc6 21. Bg2 Bb7 22. Rxd6 Qc7 23. Nxe5 Nxe5 24. Qxe5+ Kg8 25. Rxe6 Qd7 26. Rd6 Qg4 27. Bf3 Qg3 28. Qd4 Rac8 29. Rh3 Qe1+ 30. Qd1 Qe3 31. Ne2 Bxe4 32. Bxe4 Qxh3 33. Bxg6 fxg6 34. Rxg6+ Kf7 35. Rf6+ Kg7 36. Qd4 Qf1+ 37. Nc1 Qg2 38. Rh6+ Kf7 39. Qd7+ Kg8 40. Qh7# 1-0


[Site "https://www.chess.com"]

[Event "Titled Tuesday Blitz June 28 Early 2022"]
[White "Gubajdullin, Alexei"]
[Black "Yirik, Volkan"]
[WhiteFideId "4141202"]
[BlackFideId "6300782"]
[WhiteElo "2280"]
[BlackElo "2320"]
[Result "1-0"]
[Round "01"]
[TimeControl "180+1"]
[Date "2022.06.28"]
[WhiteClock "0:00:11"]
[BlackClock "0:00:25"]

1. c4 Nf6 2. Nc3 g6 3. g3 Bg7 4. Bg2 O-O 5. Nf3 d6 6. O-O c5 7. d4 Nc6 8. d5 Na5 9. Nd2 a6 10. Qc2 b5 11. cxb5 axb5 12. Nxb5 Ba6 13. Nc3 Nd7 14. b3 Rb8 15. Bb2 c4 16. Nce4 Bxb2 17. Qxb2 cxb3 18. axb3 Bxe2 19. Rfe1 Bd3 20. Qc3 Bxe4 21. Nxe4 Nxb3 22. Ra7 Re8 23. Qe3 Nbc5 24. Ng5 Rb7 25. Qf4 Nf6 26. Ra3 h6 27. Nf3 Kg7 28. Nd4 Qd7 29. Rae3 Ra7 30. Nc6 Ra4 31. Qf3 e5 32. dxe6 Rxe6 33. Rxe6 Nxe6 34. Qc3 d5 35. Ne5 d4 36. Qb3 Qa7 37. Nxf7 Ra1 38. Qxe6 Rxe1+ 39. Qxe1 Kxf7 40. Qd2 g5 41. Bf1 Qc5 42. Qa2+ Kg7 43. Qa6 Qe7 44. h3 Qd7 45. Qc4 Qd6 46. Bd3 h5 47. Qc8 Qe7 48. Qf5 g4 49. h4 Qe1+ 50. Kg2 Qe7 51. Qg6+ Kf8 52. Qh6+ Ke8 53. Qf4 Qb7+ 54. Kh2 Qf3 55. Qxd4 Ke7 56. Qe5+ Kf8 57. Qd6+ Kg7 58. Qd4 Kf7 59. Bc4+ Kg6 60. Bb5 Ne4 61. Bd3 Kf5 62. Qd5+ Kf6 63. Bxe4 Qxf2+ 64. Bg2 Qe3 65. Qe4 Qf2 66. Qf4+ Qxf4 67. gxf4 Kf5 68. Kg3 Kf6 69. Bf1 Kg6 70. Bd3+ 1-0


[Site "https://www.chess.com"]

[Event "Titled Tuesday Blitz June 28 Early 2022"]
[White "Guz, Ari"]
[Black "Mogirzan, Matei-Valeriu"]
[WhiteFideId "2825759"]
[BlackFideId "1257455"]
[WhiteElo "1913"]
[BlackElo "1733"]
[Result "1-0"]
[Round "01"]
[TimeControl "180+1"]
[Date "2022.06.28"]
[WhiteClock "0:00:34"]
[BlackClock "0:00:01"]

1. e4 e5 2. Nf3 Nf6 3. Nc3 Nc6 4. Bc4 Bc5 5. O-O O-O 6. d3 d6 7. Bg5 h6 8. Bh4 Bg4 9. h3 Bxf3 10. Qxf3 g5 11. Bg3 Nd4 12. Qd1 c6 13. a4 a5 14. Kh2 Qb6 15. Rb1 Ne6 16. Ne2 h5 17. h4 Ng4+ 18. Kg1 Rad8 19. Nc3 Bd4 20. Qf3 Nf4 21. hxg5 d5 22. exd5 cxd5 23. Bb3 f5 24. Bxf4 exf4 25. Nxd5 Rxd5 26. Qxd5+ Kh8 27. Qf3 h4 28. c3 Bc5 29. d4 Be7 30. Bc2 Bxg5 31. Bxf5 Rxf5 32. Qxg4 Qf6 33. f3 h3 34. Qxh3+ Kg7 35. Rbe1 Bh6 36. Re4 Rg5 37. Rfe1 Rg3 38. Re7+ Kg8 39. Qe6+ Qxe6 40. R1xe6 Bg7 41. Rxb7 Rg5 42. Re8+ Kh7 43. Ree7 Kh6 44. Rxg7 Rxg2+ 45. Rxg2 1-0


[Site "https://www.chess.com"]

[Event "Titled Tuesday Blitz June 28 Early 2022"]
[White "Hambleton, Aman"]
[Black "Begunov, Konstantin"]
[WhiteFideId "2606577"]
[BlackFideId "4118510"]
[WhiteElo "2552"]
[BlackElo "2262"]
[Result "1-0"]
[Round "01"]
[TimeControl "180+1"]
[Date "2022.06.28"]
[WhiteClock "0:00:03"]
[BlackClock "0:00:05"]

1. d4 d5 2. Bf4 c6 3. e3 Qb6 4. Qc1 Bf5 5. c4 e6 6. Nc3 Nf6 7. Nf3 Nbd7 8. Be2 h6 9. O-O Be7 10. h3 O-O 11. c5 Qd8 12. b4 Ne4 13. Nxe4 Bxe4 14. Qc3 a6 15. a4 Bf6 16. b5 axb5 17. axb5 Re8 18. Rxa8 Qxa8 19. Ra1 Qc8 20. bxc6 bxc6 21. Nd2 e5 22. Nxe4 exd4 23. Nxf6+ Nxf6 24. Qxd4 Re4 25. Qd2 Qf8 26. Bd3 Re6 27. Bd6 Qd8 28. Qa2 Re8 29. Qa6 Qd7 30. Qb6 Ne4 31. Bxe4 Rxe4 32. Qb1 g6 33. Ra8+ Kh7 34. Qb2 d4 35. f3 Rxe3 36. Qxd4 Re1+ 37. Kf2 f6 38. Kxe1 Qe6+ 39. Kf2 Qa2+ 40. Rxa2 1-0


[Site "https://www.chess.com"]

[Event "Titled Tuesday Blitz June 28 Early 2022"]
[White "Dronavalli, Harika"]
[Black "Prieto Aranguren, Alain"]
[WhiteFideId "5015197"]
[BlackFideId "2268906"]
[WhiteElo "2382"]
[BlackElo "2224"]
[Result "1-0"]
[Round "01"]
[TimeControl "180+1"]
[Date "2022.06.28"]
[WhiteClock "0:00:20"]
[BlackClock "0:00:26"]

1. d4 d5 2. Nf3 Nf6 3. c4 c6 4. Qc2 g6 5. g3 Bf5 6. Qb3 Qb6 7. Bg2 Bg7 8. O-O O-O 9. Nc3 Na6 10. Na4 Qxb3 11. axb3 Nb4 12. Bf4 Bc2 13. Nd2 Nh5 14. Be3 Rfd8 15. Nc5 b6 16. Na6 Nxa6 17. Rxa6 dxc4 18. bxc4 Rac8 19. Nf3 Bb3 20. Rc1 c5 21. dxc5 bxc5 22. Rxa7 Bxb2 23. Rb1 Rd1+ 24. Rxd1 Bxd1 25. Rxe7 Bxe2 26. Nd2 Bf6 27. Ra7 Bg4 28. Bd5 Be6 29. Bxe6 fxe6 30. Ne4 Bd4 31. Bxd4 cxd4 32. c5 d3 33. Rd7 Kf8 34. Rxd3 Ke7 35. Ra3 Rc7 36. Ra5 Nf6 37. Nxf6 Kxf6 38. f4 Rc6 39. Kf2 Kf5 40. Ke3 e5 41. g4+ Ke6 42. fxe5 Kxe5 43. h4 Kd5 44. Kf4 h6 45. g5 h5 46. Rb5 Rc7 47. Rb6 Rf7+ 48. Rf6 Rg7 49. c6 Kc5 50. Ke5 Kb6 51. Kd6 1-0


[Site "https://www.chess.com"]

[Event "Titled Tuesday Blitz June 28 Early 2022"]
[White "Hartikainen, Jarmo"]
[Black "Plazuelo Pascual, Juan"]
[WhiteFideId "503134"]
[BlackFideId "32059566"]
[WhiteElo "2158"]
[BlackElo "2359"]
[Result "0-1"]
[Round "01"]
[TimeControl "180+1"]
[Date "2022.06.28"]
[WhiteClock "0:00:06"]
[BlackClock "0:00:16"]

1. e4 c5 2. c3 d5 3. exd5 Qxd5 4. d4 Nf6 5. Nf3 e6 6. Na3 a6 7. Be2 cxd4 8. cxd4 Bb4+ 9. Bd2 Bxd2+ 10. Qxd2 Nbd7 11. O-O O-O 12. Rfd1 Rd8 13. Nc4 b5 14. Ne3 Qd6 15. Qa5 Bb7 16. Rac1 Qb6 17. Qxb6 Nxb6 18. b3 Rac8 19. Rxc8 Rxc8 20. Ne5 Kf8 21. Nd3 Nbd7 22. f3 Ke7 23. Rc1 Rxc1+ 24. Nxc1 Nb8 25. Kf2 Nc6 26. Nc2 Nd5 27. a3 Nc3 28. Nd3 Bc8 29. Ke3 Kd6 30. Kd2 Nd5 31. g3 h6 32. b4 Nb6 33. Nc5 g5 34. Ne4+ Ke7 35. g4 Nd5 36. Nc5 f5 37. h3 Nf4 38. Bf1 Kd6 39. Ne4+ fxe4 0-1


[Site "https://www.chess.com"]

[Event "Titled Tuesday Blitz June 28 Early 2022"]
[White "Harvey, Marcus R"]
[Black "Onslow, Alfie"]
[WhiteFideId "400092"]
[BlackFideId "436976"]
[WhiteElo "2485"]
[BlackElo "1885"]
[Result "1-0"]
[Round "01"]
[TimeControl "180+1"]
[Date "2022.06.28"]
[WhiteClock "0:00:23"]
[BlackClock "0:00:03"]

1. e4 c5 2. Nf3 Nc6 3. Bb5 g6 4. O-O Bg7 5. Bxc6 dxc6 6. d3 e5 7. a4 Bg4 8. Nbd2 Ne7 9. Re1 O-O 10. h3 Bxf3 11. Nxf3 Qd6 12. Bd2 b5 13. Qb1 a6 14. b4 cxb4 15. Bxb4 c5 16. Bc3 b4 17. Bb2 Nc6 18. Qa2 Nd4 19. Bxd4 cxd4 20. Nd2 a5 21. Nc4 Qc5 22. Qb1 Rab8 23. Qd1 Rb7 24. Rb1 Rfb8 25. Rb3 Bh6 26. g3 Kh8 27. Qg4 Re7 28. Qh4 Bg7 29. Rf1 f5 30. Nxa5 Ra7 31. Nc4 Rxa4 32. Re1 Ra2 33. exf5 gxf5 34. Qg5 Rxc2 35. Ra1 e4 36. Ra5 Qc6 37. Ra7 Rg8 38. Rxb4 exd3 39. Rxg7 Ra8 40. Ra7 Rc1+ 41. Qxc1 Rxa7 42. Qe1 d2 43. Qe5+ Kg8 44. Rb8+ Kf7 45. Qxf5+ Qf6 46. Rf8+ Ke7 47. Qxf6+ 1-0


[Site "https://www.chess.com"]

[Event "Titled Tuesday Blitz June 28 Early 2022"]
[White "Hoffmann, Asa"]
[Black "Cherniaiev, Tykhon"]
[WhiteFideId "2001470"]
[BlackFideId "14182360"]
[WhiteElo "2117"]
[BlackElo "2289"]
[Result "0-1"]
[Round "01"]
[TimeControl "180+1"]
[Date "2022.06.28"]
[WhiteClock "0:00:18"]
[BlackClock "0:00:04"]

1. d4 Nf6 2. Bg5 Ne4 3. Bf4 c5 4. f3 Nf6 5. dxc5 e6 6. Bd6 Be7 7. e4 O-O 8. Nc3 b6 9. Bxe7 Qxe7 10. cxb6 axb6 11. Bd3 Qb4 12. Rb1 Rxa2 13. Ne2 Rxb2 14. Rxb2 Qxb2 15. O-O Qb4 16. Qd2 Nc6 17. Rb1 Qc5+ 18. Kh1 Bb7 19. Na4 Qf2 20. Nxb6 Ne5 21. Na4 Nxf3 22. gxf3 Qxf3+ 23. Kg1 Bxe4 24. Ng3 Bc6 25. Nc3 h5 26. Rf1 Qg4 27. Qf4 Qh3 28. Nce4 Ng4 29. Ne2 f5 30. Qg3 Qxf1+ 31. Kxf1 fxe4+ 32. Ke1 exd3 33. cxd3 Rf3 34. Qd6 Rf5 35. Nd4 Rd5 36. Qb8+ Kh7 37. Nxc6 dxc6 38. Kd2 Ne5 39. Qe8 Nxd3 40. Kc3 Nf4 41. Qxc6 Rf5 42. Kc2 Rf6 43. Qf3 Kh6 44. h4 Nd5 45. Qg3 Rg6 46. Qe5 Nf6 47. Qxe6 Rg4 48. Qe1 Ne4 49. Kd3 Nc5+ 50. Kc2 Ne4 51. Qh1 g5 52. Qf3 gxh4 53. Qf8+ Kg5 54. Qg7+ Kf4 55. Qf7+ Kg3 56. Qxh5 h3 57. Qe5+ Kg2 58. Kd3 h2 59. Qb2+ Nf2+ 60. Ke3 Rg3+ 61. Kf4 h1=Q 62. Qxf2+ Kxf2 63. Kf5 Qd5+ 0-1


[Site "https://www.chess.com"]

[Event "Titled Tuesday Blitz June 28 Early 2022"]
[White "Hollan, Petr"]
[Black "Bharath Subramaniyam H"]
[WhiteFideId "360945"]
[BlackFideId "46634827"]
[WhiteElo "2284"]
[BlackElo "2242"]
[Result "0-1"]
[Round "01"]
[TimeControl "180+1"]
[Date "2022.06.28"]
[WhiteClock "0:01:59"]
[BlackClock "0:01:58"]

1. e4 c5 2. Nf3 e6 3. d4 cxd4 4. Nxd4 a6 5. Bd3 Bc5 6. Nb3 Ba7 7. Qe2 Nc6 8. O-O d6 9. Be3 Bxe3 10. Qxe3 Nf6 11. c4 O-O 12. Nc3 Bd7 13. Rfd1 Rc8 14. f4 Ng4 15. Qg3 Qb6+ 16. Kf1 Ne3+ 17. Ke2 Nxd1 18. Rxd1 Kh8 19. Qe3 Qxe3+ 20. Kxe3 Rfd8 21. Be2 Be8 22. g4 Kg8 23. h4 Kf8 24. a3 Ke7 25. f5 Ne5 26. Nd2 b5 27. cxb5 axb5 28. Nxb5 Bxb5 29. Bxb5 Nxg4+ 30. Kf4 h5 31. fxe6 fxe6 32. Kg5 Rc5+ 0-1


[Site "https://www.chess.com"]

[Event "Titled Tuesday Blitz June 28 Early 2022"]
[White "Huber, Benedikt"]
[Black "Agasarov, Benik"]
[WhiteFideId "12923583"]
[BlackFideId "13314823"]
[WhiteElo "1979"]
[BlackElo "2701"]
[Result "0-1"]
[Round "01"]
[TimeControl "180+1"]
[Date "2022.06.28"]
[WhiteClock "0:00:30"]
[BlackClock "0:01:28"]

1. d4 Nf6 2. Nc3 d5 3. Bf4 a6 4. e3 e6 5. g4 c5 6. g5 Nfd7 7. Nf3 Nc6 8. Ne5 Ndxe5 9. dxe5 d4 10. Ne4 Qa5+ 11. c3 dxe3 12. Bxe3 Nxe5 13. Nd6+ Bxd6 14. Qxd6 Nd7 15. Bc4 Qb6 16. O-O-O Qxd6 17. Rxd6 b5 18. Be2 Bb7 19. Rhd1 Bd5 20. c4 bxc4 21. Bxc4 Bxc4 22. Rxd7 O-O 23. Bxc5 Rfc8 24. b4 Bxa2 25. R1d6 a5 26. Kb2 Bd5 27. b5 h6 28. Bd4 hxg5 29. Ra6 Rab8 30. b6 Rc4 31. Be3 Rb4+ 32. Ka3 Rb3+ 33. Ka4 Rxe3 34. fxe3 Bc6+ 35. Kxa5 Bxd7 36. Ra7 Bc6 37. Rc7 Bd5 38. Ka6 f5 39. Ka7 Ra8# 0-1


[Site "https://www.chess.com"]

[Event "Titled Tuesday Blitz June 28 Early 2022"]
[White "Ianov, Viktor"]
[Black "Polster, Christian"]
[WhiteFideId "14102730"]
[BlackFideId "12965081"]
[WhiteElo "2152"]
[BlackElo "2286"]
[Result "0-1"]
[Round "01"]
[TimeControl "180+1"]
[Date "2022.06.28"]
[WhiteClock "0:00:52"]
[BlackClock "0:00:05"]

1. Nf3 d5 2. g3 Nf6 3. Bg2 Bf5 4. O-O e6 5. d3 c5 6. c4 Nc6 7. cxd5 exd5 8. d4 h6 9. Nc3 c4 10. Ne5 Bb4 11. Bf4 O-O 12. Rc1 Re8 13. b3 Ba3 14. Nxc6 bxc6 15. bxc4 Bxc1 16. Qxc1 Rc8 17. c5 Qa5 18. Qb2 Qa6 19. Re1 Re7 20. f3 Rb7 21. Qd2 Qa3 22. e4 Rb2 23. Qe3 Be6 24. Nxd5 Qxe3+ 25. Nxe3 Rxa2 26. Bd6 a5 27. f4 a4 28. f5 Bb3 29. d5 cxd5 30. exd5 Rd2 31. Nf1 Rd3 32. Re3 Rd4 33. Be5 Rd1 34. Bxf6 gxf6 35. d6 Rxc5 36. Kf2 Rxd6 37. Re8+ Kg7 38. Ne3 Rd2+ 39. Kf3 Rc3 40. Bh3 a3 41. Ra8 Rdd3 42. Kf4 Rxe3 43. Rxa3 Rf3+ 44. Kg4 Bd1 45. Kh4 Rxa3 46. Bg4 Ra4 47. Kh3 Rxg4 48. Kxg4 Rf2+ 49. Kh3 h5 50. Kh4 Rxh2# 0-1


[Site "https://www.chess.com"]

[Event "Titled Tuesday Blitz June 28 Early 2022"]
[White "Ibarra Jerez, Jose Carlos"]
[Black "Omariev, Maksim"]
[WhiteFideId "2226332"]
[BlackFideId "4193423"]
[WhiteElo "2628"]
[BlackElo "2493"]
[Result "1-0"]
[Round "01"]
[TimeControl "180+1"]
[Date "2022.06.28"]
[WhiteClock "0:01:49"]
[BlackClock "0:00:09"]

1. e4 c5 2. Nc3 d6 3. d4 cxd4 4. Qxd4 a6 5. b3 Nc6 6. Qd2 Nf6 7. Bb2 e6 8. O-O-O Be7 9. f4 O-O 10. g4 Nxg4 11. Nf3 d5 12. exd5 exd5 13. Nxd5 Bf5 14. Rg1 g6 15. Qc3 f6 16. Bc4 Kh8 17. h3 Nf2 18. Nxf6 Nxd1 19. Rxd1 Bxf6 20. Rxd8 Kg7 21. Rxa8 Bxc3 22. Bxc3+ Rf6 23. Rg8+ 1-0


[Site "https://www.chess.com"]

[Event "Titled Tuesday Blitz June 28 Early 2022"]
[White "Ider, Borya"]
[Black "Karas, Marek"]
[WhiteFideId "4901134"]
[BlackFideId "14928558"]
[WhiteElo "2512"]
[BlackElo "2271"]
[Result "0-1"]
[Round "01"]
[TimeControl "180+1"]
[Date "2022.06.28"]
[WhiteClock "0:00:43"]
[BlackClock "0:00:03"]

1. Nf3 Nf6 2. d4 d5 3. g3 e6 4. Bg2 Be7 5. c4 O-O 6. O-O dxc4 7. Ne5 Nc6 8. Bxc6 bxc6 9. Nxc6 Qe8 10. Nxe7+ Qxe7 11. Qa4 e5 12. dxe5 Qxe5 13. Qxc4 Be6 14. Qd3 Rad8 15. Qe3 Qh5 16. f3 Rfe8 17. Qg5 Qxg5 18. Bxg5 Bc4 19. Nc3 Bxe2 20. Rf2 Ba6 21. Rc1 Rd7 22. Bxf6 gxf6 23. Ne4 Kg7 24. Nc5 Rd6 25. Ne4 Rd7 26. b3 Bc8 27. Rfc2 Ree7 28. Kf2 f5 29. Nc5 Rd6 30. Na4 Ba6 31. Nc5 Bc8 32. b4 Rb6 33. a3 a5 34. Na4 Rb7 35. bxa5 Ra7 36. Rc5 Be6 37. Nc3 Rd7 38. Ke3 Rd8 39. Rb1 Rda8 40. a4 Rxa5 41. Rxc7 Re5+ 42. Kd4 Rea5 43. Rb5 R5a6 44. Ke3 Kf6 45. Rcc5 Rxa4 46. Nxa4 Rxa4 47. Rb2 Ra3+ 48. Kf2 Ra4 49. Rc3 Ra5 50. h4 Ra4 51. Ke3 Ra5 52. Rb4 Rd5 53. Kf4 Rd6 54. Ra3 Rd5 55. Ra8 Rd1 56. Rg8 h6 57. Rgb8 Kg7 58. R8b6 Rd5 59. Ra6 Kg6 60. Rab6 Kf6 61. Ke3 Ra5 62. Kf4 Rd5 63. g4 fxg4 64. fxg4 Rc5 65. Ra6 Rc1 66. Ra3 Rf1+ 67. Rf3 Rg1 68. Rg3 Rf1+ 69. Ke3 Rh1 70. Rf4+ Kg6 71. g5 h5 72. Rf6+ Kg7 73. Rh6 Rxh4 74. Rf6 Rg4 75. Rxg4 Bxg4 76. Kf4 Bc8 77. Rc6 Be6 78. Rc7 h4 79. Rc2 Kg6 80. Rb2 h3 81. Rd2 Bf5 82. Rd8 Be6 83. Rh8 Kg7 84. Rh6 Bd7 85. Ke5 Be6 86. Rh4 Bd7 87. Kf4 Be6 88. Kg3 Kg6 89. Kf4 Kg7 90. Rh6 Bd7 91. Rd6 Be6 92. Rc6 h2 93. Rc1 Bd5 0-1


[Site "https://www.chess.com"]

[Event "Titled Tuesday Blitz June 28 Early 2022"]
[White "Iinuma, Paul Y"]
[Black "Lashkin, Jegor"]
[WhiteFideId "2031809"]
[BlackFideId "13907808"]
[WhiteElo "2052"]
[BlackElo "2368"]
[Result "0-1"]
[Round "01"]
[TimeControl "180+1"]
[Date "2022.06.28"]
[WhiteClock "0:00:06"]
[BlackClock "0:00:06"]

1. d4 Nf6 2. Bf4 d5 3. e3 e6 4. Nd2 Bd6 5. Bg3 O-O 6. Bd3 b6 7. Qe2 c5 8. c3 Bb7 9. f4 Ne4 10. Ngf3 Nd7 11. Bh4 Qc7 12. Ng5 Ndf6 13. Ngxe4 Nxe4 14. O-O Nxd2 15. Qxd2 c4 16. Bc2 f5 17. g4 b5 18. Qg2 Rae8 19. Qh3 Bc8 20. Rf2 a5 21. a3 Bd7 22. Raf1 b4 23. axb4 axb4 24. Rg2 bxc3 25. bxc3 Qa5 26. Be1 Ba4 27. Bb1 Qb5 28. Bh4 Qd7 29. Kh1 Kh8 30. Rfg1 Rf7 31. Be1 Bf8 32. Qh5 g6 33. Qh3 Kg8 34. Bh4 Bg7 35. Bg5 Rb8 36. Bh6 Kf8 37. Qh4 Bxh6 38. Qxh6+ Ke8 39. h4 Qe7 40. h5 Kd7 41. Rh2 Rg8 42. hxg6 Rxg6 43. Qh3 Rfg7 44. Rhg2 fxg4 45. Rxg4 Rxg4 46. Rxg4 Rxg4 47. Qxg4 h6 48. f5 Qf6 49. fxe6+ Ke7 50. Bf5 Bd1 51. Qf4 Kf8 52. Qd6+ Qe7 53. Qf4 Ke8 54. Kg1 Qf6 55. Kf2 Kf8 56. Qd6+ Qe7 57. Qf4 Kg7 58. Qe5+ Kg8 59. Qg3+ Kf8 60. Qg1 Bb3 61. Qg6 Qg7 62. e7+ Qxe7 63. Qxh6+ Qg7 64. Qd6+ Qe7 65. Qxd5 Qh4+ 66. Ke2 Qh2+ 67. Kf3 Qh1+ 68. Kf4 Qxd5 69. e4 Qd6+ 70. e5 Qh6+ 71. Ke4 Qd2 72. Be6 Bc2+ 73. Kd5 Qxc3 74. Kc5 Qa5+ 75. Kd6 c3 0-1


[Site "https://www.chess.com"]

[Event "Titled Tuesday Blitz June 28 Early 2022"]
[White "Jakubowska, Anna"]
[Black "Terrieux, Kevin"]
[WhiteFideId "1121952"]
[BlackFideId "622591"]
[WhiteElo "1878"]
[BlackElo "2482"]
[Result "0-1"]
[Round "01"]
[TimeControl "180+1"]
[Date "2022.06.28"]
[WhiteClock "0:00:11"]
[BlackClock "0:00:18"]

1. e4 c5 2. Nf3 e6 3. d4 cxd4 4. Nxd4 Nf6 5. Nc3 Nc6 6. Ndb5 Bc5 7. Bf4 O-O 8. Bd6 Qb6 9. Qd2 Bxd6 10. Nxd6 Qxb2 11. Rb1 Qa3 12. Be2 Qc5 13. O-O a6 14. Nxb7 Bxb7 15. Rxb7 Nd4 16. Bd3 Rfc8 17. Na4 Qc6 18. Rb4 e5 19. Nb6 d5 20. Nxc8 Rxc8 21. exd5 Qxd5 22. Qe3 Qd6 23. Rb7 g6 24. Rfb1 Nd5 25. Qh3 Rd8 26. Be4 Nf4 27. Qe3 Nde2+ 28. Kf1 Qd1+ 29. Rxd1 Rxd1# 0-1


[Site "https://www.chess.com"]

[Event "Titled Tuesday Blitz June 28 Early 2022"]
[White "Janaszak, Dawid"]
[Black "Mekhane, Adam"]
[WhiteFideId "1119206"]
[BlackFideId "36050601"]
[WhiteElo "2199"]
[BlackElo "2002"]
[Result "1-0"]
[Round "01"]
[TimeControl "180+1"]
[Date "2022.06.28"]
[WhiteClock "0:00:05"]
[BlackClock "0:00:07"]

1. e4 e5 2. Nf3 Nc6 3. d4 exd4 4. Nxd4 Bb4+ 5. c3 Bc5 6. Nb3 Bb6 7. a4 a5 8. Qh5 Nf6 9. Qh4 Qe7 10. Bd3 d5 11. Bg5 dxe4 12. Bxf6 gxf6 13. Qxe4 Be6 14. N1d2 O-O-O 15. O-O-O Bxf2 16. Rhf1 Bb6 17. Bb5 Ne5 18. Nd4 c6 19. Be2 Bxd4 20. cxd4 Ng6 21. Bc4 Bxc4 22. Qxe7 Nxe7 23. Nxc4 Nd5 24. Rde1 Kd7 25. Nxa5 b6 26. Nc4 Ra8 27. b3 b5 28. Nb2 Rhg8 29. g3 Rg4 30. Rf2 Rxd4 31. Rd2 Rxd2 32. Kxd2 bxa4 33. Nxa4 Kd6 34. Rf1 Rb8 35. Rf3 Rb4 36. Kc2 Re4 37. Rf2 Re3 38. Nb2 Rc3+ 39. Kd2 Rxb3 40. Kc2 Rc3+ 41. Kd2 Rc5 42. Nd3 Ra5 43. Kc1 Ra3 44. Rd2 Ra1+ 45. Kb2 Rh1 46. Nf2 Rf1 47. Ng4 h5 48. Nh6 Ke6 49. Re2+ Kd7 50. Nxf7 Rf3 51. Kc2 Re3 52. Rf2 Ke6 53. Nh6 Re5 54. Kd3 Ne3 55. Rb2 Ng4 56. Nxg4 hxg4 57. Rb4 Rh5 58. Rxg4 Rxh2 59. Kc4 Rc2+ 60. Kd3 Rc1 61. Rg8 Rc5 62. Kd4 Rd5+ 63. Ke4 Rg5 64. Re8+ Kd7 65. Rf8 Rg6 66. Kf4 c5 67. g4 c4 68. Ra8 Rg7 69. Ra7+ Kd6 70. Rxg7 c3 71. Rg8 Kd7 72. Rh8 c2 73. Rh1 c1=Q+ 74. Rxc1 Ke6 75. Rd1 Kf7 76. Re1 Kg6 77. Re2 1-0


[Site "https://www.chess.com"]

[Event "Titled Tuesday Blitz June 28 Early 2022"]
[White "Jaskolka, Tomasz"]
[Black "Seliverstov, Vladimir"]
[WhiteFideId "1170791"]
[BlackFideId "4192036"]
[WhiteElo "2073"]
[BlackElo "2489"]
[Result "0-1"]
[Round "01"]
[TimeControl "180+1"]
[Date "2022.06.28"]
[WhiteClock "0:02:15"]
[BlackClock "0:02:01"]

1. d4 g6 2. Nc3 Bg7 3. e4 d6 4. Be3 a6 5. Qd2 b5 6. O-O-O Bb7 7. f3 Nd7 8. Nge2 Rc8 9. h4 h6 10. g4 c5 11. dxc5 Nxc5 12. Bd4 Nf6 13. g5 hxg5 14. Bh3 gxh4 15. Bxc8 Qxc8 16. Nf4 e5 17. Bxc5 dxc5 18. Nfd5 Nxd5 19. Nxd5 Bh6 20. f4 Bxd5 21. Qxd5 Bxf4+ 22. Kb1 h3 23. Rhf1 O-O 24. Rd3 c4 25. Rdf3 Qg4 26. a4 h2 27. axb5 Qxf3 28. Rxf3 h1=Q+ 0-1


[Site "https://www.chess.com"]